 Dungeon Crawl Stone Soup version 0.29-a0-284-gf9362112df (webtiles) character file.

Game seed: 17004148826169660008

56093 spaghetti the Destroyer (level 14, -3/101 HPs)
             Began as a Demonspawn Conjurer on Mar 23, 2022.
             Was the Champion of Hepliaklqana.
             Slain by a catoblepas (11 damage)
             ... on level 14 of the Dungeon.
             The game lasted 01:18:18 (28626 turns).

spaghetti the Destroyer (Demonspawn Conjurer)      Turns: 28626, Time: 01:18:18

Health: -3/101     AC: 26    Str:  9    XL:     14   Next: 40%
Magic:  8/30       EV: 22    Int: 23    God:    Hepliaklqana [******]
Gold:   1512       SH:  8    Dex: 12    Spells: 4/37 levels left

rFire   + . .      SeeInvis .   n - +1 dagger (venom) {short}
rCold   + . .      Faith    .   j - +0 buckler
rNeg    . . .      Spirit   .   F - +0 steam dragon scales
rPois   .          Reflect  .   (helmet unavailable)
rElec   .          Harm     .   e - scarf {rC+ rF+}
rCorr   .          Rampage  .   c - +0 pair of gloves {Stlth+}
Will    +....                   u - +2 pair of boots {Fly}
Stlth   +++.......              A - amulet of the acrobat
HPRegen 0.26/turn               L - +4 ring of evasion
MPRegen 0.22/turn               N - +4 ring of protection

@: agile, marked, sanguine armoured, flying
A: reduced essence, horns 3, foul stench 1, powered by pain 1, sanguine armour
3, large bone plates 1, subdued magic 1
a: Renounce Religion, Recall Ancestor, Ancestor Identity, Transference, Idealise


You were on level 14 of the Dungeon.
You worshipped Hepliaklqana.
Hepliaklqana was exalted by your worship.
You visited 3 branches of the dungeon, and saw 21 of its levels.

You collected 1849 gold pieces.
You spent 337 gold pieces at shops.


Innate Abilities, Weirdness & Mutations

Your life essence is reduced to manifest your ancestor. (-10% HP)
You have a pair of large horns on your head.
You may rarely emit foul miasma when damaged in melee.
You sometimes gain a little power by taking damage.
When seriously injured, your blood forms very thick armour. (AC +12)
You are partially covered in large bone plates. (SH +4)
Your spells are a little easier to cast, but a little less powerful.


   Skills:
 + Level 11.3 Fighting
 + Level 5.5 Armour
 + Level 5.8 Dodging
 - Level 1.7 Stealth
 - Level 2.0 Shields
 - Level 12.0 Spellcasting
 - Level 14.1 Conjurations
 + Level 7.5 Summonings
 - Level 3.0 Ice Magic
 - Level 3.0 Air Magic
 - Level 5.0 Earth Magic


You had 4 spell levels left.
You knew the following spells:

 Your Spells              Type           Power      Damage    Failure   Level
a - Magic Dart            Conj           100%       1d8       0%          1
b - Iskenderun's Battles  Conj           57%        2d11      1%          5
c - Fulminant Prism       Conj/Hex       17%        3d11      2%          4
d - Iskenderun's Mystic   Conj/Tloc      35%        2d8       2%          4
e - Searing Ray           Conj           100%       2d8       0%          2
f - Apportation           Tloc           20%        N/A       4%          1
g - Freezing Cloud        Conj/Ice/Air   17%        6-21      9%          5
h - Iron Shot             Conj/Erth      22%        9d5       16%         6
i - Blink                 Tloc           20%        N/A       7%          2
j - Swiftness             Air            21%        N/A       4%          3

Your spell library contained the following spells:

 Spells                   Type           Power      Damage    Failure   Level
 Shock                    Conj/Air       100%       1d9       1%          1
 Summon Small Mammal      Summ           100%       N/A       1%          1
 Call Imp                 Summ           37%        N/A       1%          2
 Call Canine Familiar     Summ           37%        N/A       1%          3
 Dazzling Flash           Conj/Hex       70%        N/A       1%          3
 Mephitic Cloud           Conj/Pois/Air  30%        N/A       1%          3
 Summon Guardian Golem    Hex/Summ       23%        N/A       2%          3
 Corpse Rot               Necr/Air       30%        N/A       3%          2
 Poisonous Vapours        Pois/Air       30%        N/A       3%          2
 Animate Skeleton         Necr           20%        N/A       4%          1
 Beastly Appendage        Tmut           20%        N/A       4%          1
 Wereblood                Tmut           10%        N/A       7%          2
 Airstrike                Air            10%        N/A       14%         4
 Gell's Gravitas          Tloc           10%        N/A       16%         3
 Ignite Poison            Fire/Tmut/Pois 10%        N/A       16%         3
 Lesser Beckoning         Tloc           10%        N/A       16%         3
 Portal Projectile        Hex/Tloc       20%        N/A       16%         3
 Spider Form              Tmut/Pois      10%        N/A       16%         3
 Teleport Other           Tloc           10%        N/A       16%         3
 Leda's Liquefaction      Hex/Erth       9%         N/A       19%         4
 Lee's Rapid Deconstruct  Erth           14%        3d10*     19%         5
 Conjure Ball Lightning   Conj/Air       20%        3x3d6     22%         6
 Spellforged Servitor     Conj/Summ      24%        N/A       47%         7
 Silence                  Hex/Air        7%         N/A       61%         5
 Agony                    Necr           10%        N/A       83%         5
 Manifold Assault         Tloc           10%        N/A       83%         5
 Statue Form              Tmut/Erth      12%        N/A       96%         6
 Storm Form               Tmut/Air       7%         N/A       100%        7
 Discord                  Hex            5%         N/A       100%        8
 Disjunction              Tloc           5%         N/A       100%        8

Inventory:

Hand Weapons
 n - a +1 dagger of venom (weapon) {short}
   (You took it off an orc wizard on level 4 of the Dungeon)
Missiles
 d - 603 stones {throwing}
 h - 41 poisoned darts {throwing}
 p - 3 boomerangs of dispersal {=f!fthrowing}
 B - 6 throwing nets {=f!fthrowing}
 E - 7 boomerangs {throwing}
 J - 5 curare-tipped darts {=fthrowing}
Armour
 c - a +0 pair of gloves of stealth (worn)
   (You found it on level 13 of the Dungeon)
 e - a scarf of resistance (worn)
   (You found it on level 10 of the Dungeon)
 j - a +0 buckler (worn)
   (You bought it in a shop on level 8 of the Dungeon)
 u - a +2 pair of boots of flying (worn)
   (You bought it in a shop on level 8 of the Dungeon)
 F - +0 steam dragon scales (worn)
   (You took it off Maggie on level 7 of the Dungeon)
 X - a +0 cloak
   (You found it on level 1 of the Lair of Beasts)
Jewellery
 A - an amulet of the acrobat (around neck)
   (You found it on level 6 of the Dungeon)
 I - the ring of the Enemy {rElec Str+4 Int+6}
   (You found it on level 7 of the Dungeon)

   [ring of intelligence]

   Str:       It affects your strength (+4).
   Int:       It affects your intelligence (+6).
   rElec:     It insulates you from electricity.
 L - a +4 ring of evasion (left hand)
   (You found it on level 8 of the Dungeon)
 M - a ring of magical power
   (You found it on level 11 of the Dungeon)
 N - a +4 ring of protection (right hand)
   (You found it on level 8 of the Dungeon)
 S - a +4 ring of evasion
   (You found it on level 3 of the Lair of Beasts)
Wands
 g - a wand of acid (18)
   (You found it on level 6 of the Dungeon)
 y - a wand of paralysis (15)
   (You found it on level 5 of the Dungeon)
 D - a wand of mindburst (8)
   (You found it on level 10 of the Dungeon)
 Q - a wand of polymorph (6)
   (You found it on level 13 of the Dungeon)
 R - a wand of charming (5)
   (You found it on level 2 of the Lair of Beasts)
 Z - a wand of iceblast (21)
   (You found it on level 5 of the Lair of Beasts)
Scrolls
 i - a scroll of amnesia
 k - a scroll of holy word {!r}
 l - 4 scrolls of enchant weapon
 o - 6 scrolls of teleportation {@r4}
 r - a scroll of magic mapping {!r}
 t - 3 scrolls of identify {@r1}
 w - 2 scrolls of summoning
 x - 2 scrolls of blinking {!r}
 K - 3 scrolls of vulnerability {!r!r}
 O - 5 scrolls of immolation {!r!r}
 P - a scroll of brand weapon
 V - 4 scrolls of enchant armour
Potions
 a - 2 potions of might
 f - a potion of ambrosia
 m - 4 potions of attraction {!q}
 q - a potion of haste {@q3}
 s - 9 potions of curing {@q1}
 v - a potion of invisibility
 z - a potion of lignification {!q}
 C - 2 potions of resistance
 G - 5 potions of berserk rage {!q}
 H - 3 potions of heal wounds {@q2}
 T - 4 potions of magic
Miscellaneous
 U - a piece from Xom's chessboard (15/15)
   (You found it on level 13 of the Dungeon)
 W - a box of beasts
   (You found it on level 5 of the Lair of Beasts)

Dungeon Overview and Level Annotations

Branches:
Dungeon (14/15)            Temple (1/1) D:4            Lair (6/6) D:8
  Swamp (0/4) Lair:4        Snake (0/4) Lair:3        Slime (0/5) Lair:6
    Orc (0/2) D:11
 Vaults: D:13-14

Altars:
Ashenzari
Cheibriados
Dithmenos
Elyvilon
Fedhas
Gozag
Hepliaklqana
Kikubaaqudgha
Makhleb
Nemelex Xobeh
Okawaru
Qazlal
Ru
Sif Muna
Trog
Uskayaw
Vehumet
Wu Jian
Yredelemnul
Zin
The Shining One
Jiyva

Shops:
D:8 [   D:12 *   D:13 (

Annotations:
D:3 1 runed translucent door, being54's ghost, amateur SpEn
D:4 Grinder Sigmund!, Grinder; Sigmund
D:5 garrulousMonolith's ghost, novice HOFi
D:6 3 runed translucent doors, Dvallin's ghost, novice FoHu
Lair:1 3 runed translucent doors, drugrobin's ghost, journeyman DgFi
Lair:4 2 transporters, indyram44's ghost, journeyman DsGl

#. .B
#####+##
#......#
#......#
#..§☼§.+
#.§§§<.#
#.Y§§§.#
#§@§...#
###+####


You could see a catoblepas (extremely poisoned).


Message History

Casting: Iskenderun's Mystic Blast (mildly dangerous; 2% risk of failure)
Confirm with . or Enter, or press ? or * to list all spells.
Aiming: Iron Shot (dangerous; 16% risk of failure)
Press: ? - help, Shift-Dir - straight line, f - freezing wraith
Aim: a freezing wraith (moderately damaged, 68% to hit)
The iron shot hits the freezing wraith!!
The freezing wraith hits you but does no damage.
The freezing wraith hits you.
* * * LOW HITPOINT WARNING * * *
Killdudes hits the freezing wraith with a +0 quarterstaff!!
The freezing wraith is destroyed! 😱 HP[-3] MP[-6]
You take 3 damage, and now have 14/101 hp.
You lost 6 mp, and now have 13/30 mp.
The boulder beetle closely misses you.
The boulder beetle stops rolling and uncurls.
The freezing wraith hits killdudes!
The freezing wraith freezes killdudes!
Killdudes resists.
Killdudes is destroyed! 😱 HP[+1]
Okay, then.
You feel much better.
The boulder beetle closely misses you. 😨 HP[+21]
You regained 21 hp, and now have 36/101 hp.
Really read
x - 3 scrolls of blinking {!r}?
Blink to where?
Press: ? - help, Dir - move target A catoblepas comes into view.
As you read the scroll of blinking {!r}, it crumbles to dust. 😨 MP[+1]
Found Gogaibim's Weapon Boutique.
The boulder beetle leaps!
There is a stone staircase leading down here. 😨 HP[+1]
You block the catoblepas's attack.
You fly downwards.
There is a stone staircase leading up here. 😨 MP[+1]
The catoblepas attacks as you move away!
You block the catoblepas's attack.
The catoblepas breathes a plume of calcifying dust at you.
The blast of calcifying dust hits you but does no damage. 😨 HP[+1]
Casting: Iron Shot (dangerous; 16% risk of failure)
Confirm with . or Enter, or press ? or * to list all spells.
Aiming: Fulminant Prism (mildly dangerous; 2% risk of failure)
Press: ? - help, Dir - move target You conjure a prism of explosive energy!
A fulminant prism comes into view. 😨 MP[-4]
You lost 4 mp, and now have 11/30 mp.
Casting: Fulminant Prism (mildly dangerous; 2% risk of failure)
Confirm with . or Enter, or press ? or * to list all spells.
Aiming: Freezing Cloud (dangerous; 9% risk of failure)
Press: ? - help, Dir - move target
Okay, then.
Press: ? - help, v - describe, . - travel A stone staircase leading up.
There is a cloud of calcifying dust here.
You block the catoblepas's attack.
Your fulminant prism crackles loudly. 😨 MP[+1]
The blast of energy engulfs you!
* * * LOW HITPOINT WARNING * * *
The blast of energy engulfs the catoblepas!! 😨 HP[-10]
You take 10 damage, and now have 28/101 hp.
The catoblepas attacks as you move away!
The catoblepas closely misses you.
Casting: Freezing Cloud (dangerous; 9% risk of failure)
Confirm with . or Enter, or press ? or * to list all spells.
Aiming: Freezing Cloud (dangerous; 9% risk of failure)
Press: ? - help, Dir - move target That beam is likely to hit you.
Continue anyway?
The catoblepas is engulfed in freezing vapours.
The catoblepas breathes a plume of calcifying dust at you.
The blast of calcifying dust hits you but does no damage. 😨 MP[-5]
You lost 5 mp, and now have 7/30 mp.
The catoblepas is engulfed in freezing vapours.
The catoblepas misses you.
You hit the catoblepas but do no damage.
The catoblepas is poisoned.
The catoblepas is engulfed in freezing vapours.
The catoblepas breathes a plume of calcifying dust at you.
The blast of calcifying dust hits you but does no damage. 😨 HP[+1] MP[+1]
The catoblepas attacks as you move away!
The catoblepas gores you!!
* * * LOW HITPOINT WARNING * * *
You focus on the pain.
You feel agile all of a sudden.
The catoblepas is engulfed in freezing vapours. 😱 HP[-21]
You take 21 damage, and now have 8/101 hp.
MASSIVE DAMAGE!! (PAUSE)
You hit the catoblepas but do no damage.
The catoblepas looks as sick as possible!
The catoblepas gores you!
You die...

Skill      XL: |  1  2  3  4  5  6  7  8  9 10 11 12 13 14 |
---------------+-------------------------------------------+-----
Spellcasting   | 3 4 5 7 8 10 11 12 | 12.0
Air Magic      | 1 2 3 |  3.0
Fighting       | 1 2 3 4 6 7 8 10 11 | 11.3
Conjurations   | 5 6 7 8 9 11 13 14 | 14.1
Summonings     | 3 5 6 7 |  7.5
Armour         | 2 4 5 |  5.5
Dodging        | 3 5 |  5.8
Ice Magic      | 1 3 |  3.0
Earth Magic    | 1 4 5 |  5.0
Shields        | 1 2 |  2.0
Stealth        | |  1.7

Action                   |  1- 3 |  4- 6 |  7- 9 | 10-12 | 13-15 || total
-------------------------+-------+-------+-------+-------+-------++-------
Melee: Club              |     5 |    19 |       |       |       ||    24
       Unarmed           |     3 |       |       |       |       ||     3
       Dagger            |       |     5 |       |    20 |    43 ||    68
       Headbutt          |       |     2 |       |     3 |    12 ||    17
Throw: Dart              |       |       |       |     1 |       ||     1
 Cast: Magic Dart        |    97 |   128 |   203 |   311 |   449 ||  1188
       Iskenderun's Batt |       |       |    45 |    79 |    77 ||   201
       Searing Ray       |       |       |     4 |       |     1 ||     5
       Iskenderun's Myst |       |       |       |     3 |     7 ||    10
       Freezing Cloud    |       |       |       |     3 |     7 ||    10
       Fulminant Prism   |       |       |       |       |     4 ||     4
       Iron Shot         |       |       |       |       |     4 ||     4
       Blink             |       |       |       |       |     3 ||     3
       Swiftness         |       |       |       |       |     1 ||     1
Invok: Ancestor Life: Ba |       |       |       |     1 |       ||     1
       Transference      |       |       |       |     3 |     1 ||     4
       Recall Ancestor   |       |       |       |     1 |       ||     1
       Ancestor Identity |       |       |       |     1 |       ||     1
Evoke: Box of beasts     |       |       |       |     1 |       ||     1
  Use: Potion            |     1 |     5 |     1 |     3 |     3 ||    13
       Scroll            |       |       |     5 |    12 |    13 ||    30
 Stab: Invisible         |       |       |       |     1 |       ||     1
       Distracted        |       |       |       |       |     1 ||     1
Armor: Robe              |     3 |     9 |    10 |       |       ||    22
       Skin              |       |    69 |       |       |       ||    69
       Steam dragon scal |       |       |       |    28 |    56 ||    84
Dodge: Dodged            |    14 |    32 |    55 |   129 |   199 ||   429
Block: Buckler           |       |       |       |       |    66 ||    66

Levels and vault maps discovered:
D:1:      minmay_arrival_widening_spiral_wide, layout_loops_ring,
          minmay_heptomino_d4
D:2:      layout_basic, ebering_ecumenical_altar_box, lemuel_flame_loot_1
D:3:      layout_rooms, mainiacjoe_overflow_swirl, ebering_ghost_sewer_d,
          uniq_robin
D:4:      layout_loops_ring, mainiacjoe_overflow_brackets,
          minmay_temple_entry_sparse_star, minmay_misc_feat_chi,
          chequers_serial_rivers_room_b, st_stairs_10,
          kennysheep_decorative_pillar, uniq_natasha, uniq_sigmund, uniq_grinder
D:5:      layout_basic, gammafunk_ghost_grave, cheibrodos_gnoll_hut
D:6:      layout_cave_pods, nicolae_yredelemnul_ghost_church, centaur_isle,
          uniq_edmund, uniq_pikel
D:7:      layout_cave_pods, patterned_corridor, uniq_maggie
D:8:      layout_basic, nicolae_dithmenos_through_a_glass_darkly,
          david_lair_shrubbed, serial_shops, nicolae_shop_behind_doors
D:9:      layout_roguey
D:10:     layout_loops_ring, nicolae_fountain_basement
D:11:     layout_loops_ring, david_orc_3, uniq_snorg
D:12:     cheibrodos_magma_flow, layout_cave_pools, serial_shops,
          nicolae_shop_competitors_out_of_business, dreamdust_wasp_nest
D:13:     nicolae_cairo_tiling_large_dashed, layout_cave_pools, serial_shops,
          nicolae_shop_bloodbath_and_beyond
D:14:     layout_roguey, erik_vaults_1, hangedman_decor_lopped
Temple:   minmay_crystal_spiral_temple
Lair:1:   layout_regular_city, gammafunk_ghost_split, serial_bayou_shore_b,
          grunt_megastairs_1, lemuel_fruit_fields, serial_bayou_shore_b
Lair:2:   layout_loops_ring, grunt_megastairs_2
Lair:3:   layout_chaotic_city, guppyfry_snake_entry_garden, st_stairs_5,
          chequers_serial_rivers_small_b, nicolae_lair_grove_arrangements
Lair:4:   layout_hall_layers, nicolae_swamp_entry_splash_gauntlet,
          gammafunk_ghost_hive, wad_woods_river_03
Lair:5:   layout_cave_pods, nicolae_lair_lil_pond, serial_bayou_shore_b,
          infiniplex_staircase_pool_2
Lair:6:   gammafunk_lair_ancient_temple, layout_long_grid,
          dpeg_slime_entry_enclosed_altar, portal_ice_cave_rime,
          minmay_lindwurm_lava

Notes
Turn   | Place    | Note
-------+----------+-------------------------------------------
     0 | D:1      | spaghetti the Demonspawn Conjurer began the quest for the
                  | Orb.
     0 | D:1      | Reached XP level 1. HP: 13/13 MP: 3/3
     0 | D:1      | magus.rc [v1.9.6]
   537 | D:1      | Gained mutation: You have a pair of small horns on your
                  | head. [demonic ancestry]
   537 | D:1      | Reached XP level 2. HP: 19/19 MP: 3/5
  1052 | D:1      | You add the spells Ignite Poison, Mephitic Cloud and
                  | Freezing Cloud to your library.
  1321 | D:2      | Found a faded altar of an unknown god.
  1322 | D:2      | Identified the +4 chain mail "Iptuob Vunys" {rN+}
  1464 | D:2      | Reached skill level 3 in Spellcasting
  1623 | D:2      | You pick up a book of Vapours and begin reading...
  1623 | D:2      | You add the spells Poisonous Vapours and Corpse Rot to your
                  | library.
  1680 | D:2      | You pick up a book of Power and begin reading...
  1680 | D:2      | You add the spells Iskenderun's Battlesphere, Iron Shot and
                  | Spellforged Servitor to your library.
  1688 | D:2      | Reached XP level 3. HP: 24/24 MP: 1/7
  2372 | D:3      | Noticed Robin
  2389 | D:3      | Killed Robin
  2547 | D:3      | Found an iron altar of Okawaru.
  2556 | D:3      | Found a shimmering blue altar of Sif Muna.
  2647 | D:3      | Reached XP level 4. HP: 30/30 MP: 3/9
  2833 | D:3      | Reached skill level 1 in Air Magic
  3265 | D:3      | Found a runed translucent door.
  3271 | D:3      | Noticed being54's ghost (amateur SpEn)
  3482 | D:4      | Noticed Natasha
  3486 | D:4      | Killed Natasha
  3487 | D:4      | Reached XP level 5. HP: 33/36 MP: 5/10
  3556 | D:4      | Reached skill level 1 in Fighting
  3560 | D:4      | Noticed a centaur
  3564 | D:4      | Reached skill level 4 in Spellcasting
  3564 | D:4      | Reached skill level 5 in Conjurations
  3591 | D:4      | Killed a centaur
  3592 | D:4      | Gained mutation: When seriously injured, your blood forms
                  | armour. (AC +12) [demonic ancestry]
  3592 | D:4      | Reached XP level 6. HP: 43/43 MP: 0/12
  3719 | D:4      | Found a staircase to the Ecumenical Temple.
  3777 | D:5      | Entered Level 5 of the Dungeon
  3853 | D:4      | Noticed Natasha
  3859 | D:4      | Killed Natasha
  3864 | Temple   | Entered the Ecumenical Temple
  4053 | Temple   | Became a worshipper of Hepliaklqana the Forgotten
  4140 | D:4      | Noticed Grinder
  4154 | D:4      | Noticed Sigmund
  4164 | D:5      | Reached skill level 2 in Fighting
  4789 | D:5      | Learned a level 5 spell: Iskenderun's Battlesphere
  4822 | D:5      | Reached skill level 6 in Conjurations
  4822 | D:5      | Reached XP level 7. HP: 51/51 MP: 5/14
  4902 | D:5      | Reached skill level 5 in Spellcasting
  5047 | D:5      | You pick up a book of Changes and begin reading...
  5047 | D:5      | You add the spells Beastly Appendage, Wereblood and Spider
                  | Form to your library.
  5252 | D:5      | Reached skill level 3 in Fighting
  5403 | D:5      | Reached skill level 7 in Conjurations
  5403 | D:5      | Gained mutation: You have a pair of horns on your head.
                  | [demonic ancestry]
  5403 | D:5      | Reached XP level 8. HP: 58/58 MP: 5/16
  5409 | D:5      | Reached skill level 6 in Spellcasting
  5548 | D:5      | Learned a level 4 spell: Fulminant Prism
  5553 | D:5      | Learned a level 4 spell: Iskenderun's Mystic Blast
  5556 | D:5      | Learned a level 2 spell: Searing Ray
  5904 | D:5      | Found a runed translucent door.
  5904 | D:5      | Noticed garrulousMonolith's ghost (novice HOFi)
  6225 | D:6      | You pick up a book of Cantrips and begin reading...
  6225 | D:6      | You add the spells Animate Skeleton, Summon Small Mammal
                  | and Apportation to your library.
  6418 | D:6      | Noticed Pikel
  6422 | D:6      | Killed Pikel
  6423 | D:6      | Reached skill level 4 in Fighting
  6423 | D:6      | Reached skill level 7 in Spellcasting
  6423 | D:6      | Reached skill level 8 in Conjurations
  6615 | D:6      | Found a runed translucent gate.
  6618 | D:6      | Found a runed translucent gate.
  6619 | D:6      | Noticed Dvallin's ghost (novice FoHu)
  6686 | D:6      | Reached * piety under Hepliaklqana
  6740 | D:6      | Noticed Edmund
  6753 | D:6      | Killed Edmund
  6928 | D:6      | Found a runed translucent gate.
  6940 | D:6      | Gained mutation: When seriously injured, your blood forms
                  | thick armour. (AC +12) [demonic ancestry]
  6940 | D:6      | Reached XP level 9. HP: 59/59 MP: 9/19
  7000 | D:6      | Found a basalt altar of Yredelemnul.
  8489 | D:6      | Reached skill level 5 in Fighting
  8629 | D:6      | Reached skill level 9 in Conjurations
  8817 | D:7      | Noticed Maggie
  8822 | D:7      | Killed Maggie
  8823 | D:7      | Reached skill level 8 in Spellcasting
  9099 | D:7      | Learned a level 1 spell: Apportation
  9255 | D:7      | Noticed a troll
  9260 | D:7      | Killed a troll
  9337 | D:7      | You add the spells Blink, Manifold Assault and Storm Form
                  | to your library.
  9620 | D:7      | Identified the ring of the Enemy {rElec Str+4 Int+6}
  9629 | D:7      | Learned a level 5 spell: Freezing Cloud
 10473 | D:8      | Reached skill level 6 in Fighting
 10473 | D:8      | Gained mutation: You may rarely emit foul miasma when
                  | damaged in melee. [demonic ancestry]
 10473 | D:8      | Reached XP level 10. HP: 58/68 MP: 0/22
 10607 | D:8      | Reached skill level 10 in Conjurations
 10814 | D:8      | Reached skill level 9 in Spellcasting
 10973 | D:8      | Found Kuyleal's Armour Boutique.
 11043 | D:8      | Found a shadowy altar of Dithmenos.
 11043 | D:8      | Reached ** piety under Hepliaklqana
 11171 | D:8      | Found a staircase to the Lair.
 11397 | D:8      | You pick up a book of Blasting and begin reading...
 11406 | Lair:1   | Entered Level 1 of the Lair of Beasts
 11407 | Lair:1   | Remembered your ancestor killdudes as a battlemage
 11471 | Lair:1   | Noticed a cane toad
 11475 | Lair:1   | Killed a cane toad
 11551 | Lair:1   | Noticed a cane toad
 11556 | Lair:1   | Killed a cane toad
 11860 | Lair:1   | Noticed drugrobin's ghost (journeyman DgFi)
 11873 | Lair:1   | Found a runed translucent gate.
 11873 | Lair:1   | Found a runed translucent gate.
 11886 | Lair:1   | Found a runed translucent gate.
 11963 | Lair:1   | Noticed a cane toad
 11967 | Lair:1   | Killed a cane toad
 12654 | Lair:2   | Reached skill level 11 in Conjurations
 12861 | Lair:2   | You fall into a shaft and drop 1 floor!
 12869 | Lair:3   | Reached skill level 7 in Fighting
 12873 | Lair:3   | Reached skill level 10 in Spellcasting
 12986 | Lair:3   | Reached *** piety under Hepliaklqana
 12993 | Lair:2   | Noticed a cane toad
 13261 | Lair:3   | Noticed a cane toad
 13268 | Lair:3   | Killed a cane toad
 13269 | Lair:3   | Gained mutation: When seriously injured, your blood forms
                  | very thick armour. (AC +12) [demonic ancestry]
 13269 | Lair:3   | Reached XP level 11. HP: 75/75 MP: 14/25
 13706 | Lair:3   | Reached skill level 12 in Conjurations
 14089 | Lair:3   | Reached skill level 8 in Fighting
 14201 | Lair:3   | Found a staircase to the Snake Pit.
 14405 | Lair:3   | Learned a level 6 spell: Iron Shot
 14592 | Lair:4   | Reached skill level 1 in Summonings
 14843 | Lair:4   | Reached skill level 2 in Summonings
 14846 | Lair:4   | Noticed a boulder beetle
 14852 | Lair:4   | Killed a boulder beetle
 14966 | Lair:4   | Noticed a bog body
 14973 | Lair:4   | Killed a bog body
 14974 | Lair:4   | Reached skill level 13 in Conjurations
 15127 | Lair:4   | Found the -2 hat of the Alchemist {rElec rPois rF+ rC+ rN+
                  | Will+ rMut rCorr}
 15141 | Lair:4   | Reached skill level 3 in Summonings
 15377 | Lair:4   | You pick up a book of the Earth and begin reading...
 15377 | Lair:4   | You add the spells Leda's Liquefaction and Statue Form to
                  | your library.
 15494 | Lair:4   | Noticed indyram44's ghost (journeyman DsGl)
 15542 | Lair:4   | Found a transporter.
 15545 | Lair:4   | Found a transporter.
 15844 | Lair:4   | Found a staircase to the Swamp.
 15850 | Lair:4   | Reached XP level 12. HP: 84/84 MP: 16/26
 16037 | Lair:4   | You pick up a book of Vapours and begin reading...
 16123 | Lair:4   | Reached **** piety under Hepliaklqana
 16297 | Lair:5   | Noticed an eight-headed hydra
 16301 | Lair:5   | Killed an eight-headed hydra
 16302 | Lair:5   | Reached skill level 9 in Fighting
 16413 | Lair:5   | Noticed a seven-headed hydra
 16417 | Lair:5   | Killed a seven-headed hydra
 16418 | Lair:5   | Reached skill level 11 in Spellcasting
 17244 | Lair:6   | Entered Level 6 of the Lair of Beasts
 17245 | Lair:6   | Noticed a four-headed hydra
 17310 | Lair:6   | Noticed a seven-headed hydra
 17313 | Lair:6   | Killed a seven-headed hydra
 17314 | Lair:6   | Reached skill level 4 in Summonings
 17551 | Lair:6   | Reached skill level 14 in Conjurations
 17715 | Lair:6   | Reached ***** piety under Hepliaklqana
 17765 | Lair:6   | Reached skill level 5 in Summonings
 17815 | Lair:6   | Noticed a four-headed hydra
 17822 | Lair:6   | Killed a four-headed hydra
 17823 | Lair:6   | Reached skill level 1 in Armour
 17823 | Lair:6   | Reached skill level 2 in Dodging
 18050 | Lair:6   | You pick up a book of Chaos and begin reading...
 18050 | Lair:6   | You add the spells Conjure Ball Lightning, Disjunction and
                  | Discord to your library.
 18073 | Lair:6   | Noticed a merfolk avatar
 18087 | Lair:6   | Noticed a catoblepas
 18089 | Lair:6   | Gained mutation: You have a pair of large horns on your
                  | head. [potion of mutation]
 18089 | Lair:6   | Gained mutation: Your magical capacity is low. (-10% MP)
                  | [potion of mutation]
 18090 | Lair:6   | Reached skill level 1 in Ice Magic
 18091 | Lair:6   | Reached skill level 1 in Earth Magic
 18096 | Lair:6   | HP: 21/87 [poisoned by a hornet]
 18139 | Lair:6   | Killed a catoblepas
 18495 | Lair:6   | Killed a merfolk avatar
 18533 | Lair:6   | Reached skill level 10 in Fighting
 18533 | Lair:6   | Reached skill level 2 in Armour
 18533 | Lair:6   | Reached skill level 1 in Shields
 18543 | Lair:6   | Reached skill level 2 in Air Magic
 18778 | Lair:6   | You pick up a book of Displacement and begin reading...
 18778 | Lair:6   | You add the spells Lesser Beckoning, Gell's Gravitas and
                  | Teleport Other to your library.
 18797 | Lair:6   | Reached skill level 3 in Dodging
 18797 | Lair:6   | Gained mutation: You sometimes gain a little power by
                  | taking damage. [demonic ancestry]
 18797 | Lair:6   | Reached XP level 13. HP: 71/92 MP: 17/25
 18931 | Lair:6   | Reached skill level 2 in Earth Magic
 18937 | Lair:6   | Reached skill level 2 in Ice Magic
 19644 | Lair:6   | Found a viscous altar of Jiyva.
 19644 | Lair:6   | Found a staircase to the Slime Pits.
 19693 | Lair:6   | HP: 17/92 [lindwurm/blast of flame (31)]
 20009 | Lair:6   | Reached skill level 2 in Shields
 20153 | Lair:2   | HP: 9/92 [rime drake/flash freeze (21)]
 20487 | Lair:2   | Reached skill level 3 in Armour
 20652 | Lair:2   | Reached skill level 3 in Air Magic
 20947 | Lair:2   | Reached skill level 3 in Earth Magic
 20958 | Lair:2   | Reached skill level 4 in Dodging
 20958 | Lair:2   | Reached skill level 3 in Ice Magic
 21766 | D:8      | Bought a +2 pair of boots of flying for 279 gold pieces
 21913 | D:8      | Bought a +0 buckler for 58 gold pieces
 22196 | D:9      | You pick up a book of Callings and begin reading...
 22196 | D:9      | You add the spells Call Canine Familiar and Summon Guardian
                  | Golem to your library.
 22576 | D:9      | You pick up a book of the Senses and begin reading...
 22576 | D:9      | You add the spells Agony and Silence to your library.
 22623 | D:9      | Reached skill level 6 in Summonings
 22743 | D:9      | You pick up a book of the Hunter and begin reading...
 22943 | D:9      | You pick up a book of Minor Magic and begin reading...
 23266 | D:10     | Entered Level 10 of the Dungeon
 23595 | D:10     | You pick up a book of Air and begin reading...
 23595 | D:10     | You add the spells Shock, Swiftness and Airstrike to your
                  | library.
 23636 | D:10     | Learned a level 2 spell: Blink
 23640 | D:10     | Learned a level 3 spell: Swiftness
 23654 | D:10     | Reached skill level 4 in Armour
 24487 | D:11     | Noticed Snorg
 24492 | D:11     | Killed Snorg
 24582 | D:11     | Reached skill level 4 in Earth Magic
 24830 | D:11     | You pick up a book of Spatial Translocations and begin
                  | reading...
 25317 | D:11     | Found a staircase to the Orcish Mines.
 25620 | D:12     | Reached skill level 5 in Dodging
 25873 | D:12     | Mutation became permanent: You have a pair of horns on your
                  | head. [demonic ancestry]
 25873 | D:12     | Gained mutation: You have a pair of large horns on your
                  | head. [demonic ancestry]
 25873 | D:12     | Reached XP level 14. HP: 99/99 MP: 21/26
 25981 | D:12     | Lost mutation: Your magical capacity is low. (-10% MP)
                  | [potion of mutation]
 25981 | D:12     | Gained mutation: You are partially covered in large bone
                  | plates. (SH +4) [potion of mutation]
 25981 | D:12     | Gained mutation: Your spells are a little easier to cast,
                  | but a little less powerful. [potion of mutation]
 26152 | D:12     | Reached skill level 11 in Fighting
 26322 | D:12     | Reached skill level 7 in Summonings
 26529 | D:12     | Reached ****** piety under Hepliaklqana
 26536 | D:12     | Found Qalaar's Assorted Antiques.
 26643 | D:12     | Reached skill level 5 in Armour
 27594 | D:14     | Reached skill level 12 in Spellcasting
 27594 | D:14     | Reached skill level 5 in Earth Magic
 27920 | D:13     | HP: 21/101 [cloud of freezing vapour (12)]
 28597 | D:13     | HP: 14/101 [boulder beetle (illusionary) (25)]
 28608 | D:13     | HP: 14/101 [freezing wraith (3)]
 28612 | D:13     | Found Gogaibim's Weapon Boutique.
 28625 | D:14     | HP: 8/101 [catoblepas (21)]
 28626 | D:14     | Slain by a catoblepas

Vanquished Creatures
  Snorg (D:11)
  A hydra (Lair:6)
  A boulder beetle (D:11)
  A centaur warrior (D:13)
  2 two-headed ogres
  A dancing weapon (D:14)
  A bog body (Lair:4)
  Pikel (D:6)
  A lindwurm (Lair:6)
  A harpy (shapeshifter) (D:14)
  2 deep elf pyromancers
  A harpy (Lair:6)
  2 ugly things
  2 cyclopes (D:12)
  3 elephants (Lair:4)
  2 manticores
  A black mamba (Lair:2)
  11 cane toads
  Maggie (D:7)
  9 rime drakes
  10 komodo dragons
  3 polar bears
  A wind drake (Lair:6)
  5 hornets
  5 trolls
  6 dream sheep (Lair:4)
  18 blink frogs
  2 slime creatures (D:13)
  A shadow (D:11)
  A wraith (D:12)
  A vampire (D:12)
  16 yaks
  6 wyverns
  4 basilisks
  A steam dragon (D:7)
  2 swamp worms (Lair:4)
  2 nagas (Lair:3)
  Edmund (D:6)
  A warg (D:11)
  10 water moccasins
  2 ice beasts
  A black bear (D:8)
  11 centaurs
  2 phantoms
  2 kobold brigands
  9 bullfrogs
  2 necrophages
  A scorpion (D:5)
  6 wights
  6 killer bees
  6 howler monkeys
  An electric eel (Lair:4)
  A centaur zombie (D:6)
  5 lava snakes (D:12)
  3 orc priests
  7 hounds
  3 jellies
  3 iguanas
  Natasha (twice) (D:4)
  6 orc wizards
  3 hell rats (Lair:1)
  A howler monkey zombie (D:6)
  Robin (D:3)
  8 gnolls
  4 adders
  A shadow imp (D:6)
  2 white imps
  An ufetubus (D:7)
  2 dart slugs (D:3)
  2 worms
  12 orcs
  6 endoplasms
  3 giant cockroaches
  14 goblins
  6 hobgoblins
  16 kobolds
  2 quokkas
  8 ball pythons
  3 bats
  3 frilled lizards
  6 rats
324 creatures vanquished.

Vanquished Creatures (collateral kills)
  A merfolk avatar (Lair:6)
  A rakshasa (D:12)
  A boulder beetle (Lair:4)
  4 hydras
  A catoblepas (Lair:6)
  A two-headed ogre (D:10)
  2 sea snakes (Lair:6)
  A harpy (Lair:6)
  3 cyclopes
  3 ugly things (D:14)
  An elephant (Lair:6)
  2 cane toads
  A gargoyle (D:9)
  2 molten gargoyles (D:12)
  2 unseen horrors (D:12)
  A rime drake (shapeshifter) (D:13)
  A kobold demonologist (D:9)
  2 komodo dragons
  2 freezing wraiths
  3 blink frogs
  5 hornets
  A slime creature (D:13)
  2 wraiths
  3 vampires
  10 yaks
  4 wyverns
  A basilisk (Lair:4)
  A warg (D:11)
  A naga (Lair:3)
  5 water moccasins
  2 centaurs
  3 bullfrogs
  A necrophage (D:7)
  4 killer bees (D:10)
  An orc priest (D:9)
  2 hell rats (Lair:1)
  3 orc wizards
  8 orcs
92 creatures vanquished.

Vanquished Creatures (others)
  10 battlemagi
  10 ancestors
  4 fulminant prisms
  36 fungi
  104 plants
164 creatures vanquished.

Grand Total: 580 creatures vanquished

Table legend:
 A = Non-vault XP
 B = Vault XP
 C = Vault XP percentage of total XP
 D = Non-vault monster count
 E = Vault monster count
 F = Vault count percentage of total count
                 A         B        C        D         E       F
            +---------+---------+-------+---------+---------+-------
      Total |   60922 |   19211 |  24.0 |     331 |      85 |  20.4
            +---------+---------+-------+---------+---------+-------
        D:1 |      26 |       1 |   3.7 |      17 |       1 |   5.6
        D:2 |      28 |       0 |   0.0 |      17 |       0 |   0.0
        D:3 |      53 |      34 |  39.1 |      15 |      11 |  42.3
        D:4 |     416 |      40 |   8.8 |      14 |       2 |  12.5
        D:5 |    1042 |      99 |   8.7 |      17 |       3 |  15.0
        D:6 |     443 |    1554 |  77.8 |      12 |      10 |  45.5
        D:7 |    1091 |     365 |  25.1 |      18 |       1 |   5.3
        D:8 |    1346 |     327 |  19.5 |      20 |       1 |   4.8
        D:9 |    2234 |       0 |   0.0 |      18 |       0 |   0.0
       D:10 |    4109 |     327 |   7.4 |      18 |       3 |  14.3
       D:11 |    3328 |    1352 |  28.9 |       9 |       8 |  47.1
       D:12 |    5985 |    2650 |  30.7 |      16 |      13 |  44.8
       D:13 |    5287 |       0 |   0.0 |      21 |       0 |   0.0
       D:14 |    3132 |     827 |  20.9 |       6 |       1 |  14.3
     Lair:1 |    1686 |     403 |  19.3 |      11 |       1 |   8.3
     Lair:2 |    7221 |     454 |   5.9 |      26 |       2 |   7.1
     Lair:3 |    4199 |     900 |  17.7 |      18 |       4 |  18.2
     Lair:4 |    7098 |    1111 |  13.5 |      23 |       4 |  14.8
     Lair:5 |    2068 |       0 |   0.0 |       5 |       0 |   0.0
     Lair:6 |   10130 |    8767 |  46.4 |      30 |      20 |  40.0
            +---------+---------+-------+---------+---------+-------

Illustrated notes

Table legend:
 A = Kills in this place as a percentage of kills in entire the game.
 B = Kills by you in this place as a percentage of kills by you in the entire game.
 C = Kills by friends in this place as a percentage of kills by friends in the entire game.
 D = Other kills in this place as a percentage of other kills in the entire game.
 E = Experience gained in this place as a percentage of experience gained in the entire game.
 F = Experience gained in this place divided by the number of levels of this place that you have seen.
                   A       B       C       D       E      F
               +-------+-------+-------+-------+-------+----------------------
         Total | 100.0 | 100.0 | 100.0 |   N/A | 100.0 | 3815.9
       Dungeon |  65.4 |  68.8 |  53.3 |   N/A |  45.0 | 2578.3
          Lair |  34.6 |  31.2 |  46.7 |   N/A |  55.0 | 7339.5
               +-------+-------+-------+-------+-------+----------------------

Table legend: (Time is in decaauts)
 A = Elapsed time spent in this place.
 B = Non-inter-level travel time spent in this place.
 C = Inter-level travel time spent in this place.
 D = Time resting spent in this place.
 E = Time spent auto-exploring this place.
 F = Levels seen in this place.
 G = Mean time per level.
                   A        B        C        D        E       F      G
               +--------+--------+--------+--------+--------+-----+--------+
         Total |  28736 |  27602 |   1134 |   4963 |  19474 |  21 | 1368.4 |
       Dungeon |  18041 |  17379 |    662 |   3522 |  11768 |  14 | 1288.6 |
        Temple |    248 |    163 |     85 |      0 |    146 |   1 |  248.0 |
          Lair |  10446 |  10059 |    387 |   1441 |   7560 |   6 | 1741.0 |
               +--------+--------+--------+--------+--------+-----+--------+

Top non-repeatable levels by time:
     D:6: 3024 daAuts
  Lair:6: 2832 daAuts
  Lair:4: 1879 daAuts
    D:12: 1773 daAuts
  Lair:3: 1610 daAuts
  Lair:1: 1551 daAuts
  Lair:2: 1547 daAuts
     D:7: 1443 daAuts
     D:8: 1376 daAuts
     D:1: 1366 daAuts
    D:11: 1256 daAuts
     D:5: 1253 daAuts
     D:4: 1201 daAuts
     D:9: 1107 daAuts
    D:10: 1052 daAuts
